 Dungeon Crawl Stone Soup version 0.31-a0-931-g7b59d4eb97 (webtiles) character file.

Game seed: 4713740878981883968

520 Kunndt the Stinger (level 7, -6/56 HPs)
             Began as a Black Draconian Venom Mage on Oct 19, 2023.
             Mangled by an ice beast (12 damage)
             ... on level 5 of the Dungeon.
             The game lasted 00:11:34 (3168 turns).

Kunndt the Stinger (Black Draconian Venom Mage)     Turns: 3168, Time: 00:11:34

Health: -6/56      AC:  7    Str:  7 (10) XL:     7   Next: 1%
Magic:  12/12      EV: 11    Int: 15 (17) God:
Gold:   163        SH:  3    Dex: 10 (12) Spells: 3/13 levels left

rFire   . . .        n - +2 whip (flame)
rCold   . . .        c - +0 buckler
rNeg    . . .        (body armour unavailable)
rPois   .            (helmet restricted)
rElec   +            (no cloak)
rCorr   +            (no gloves)
SInv    .            g - +0 pair of boots
Will    .....        r - amulet of faith
Stlth   ++           v - ring of resist corrosion
HPRegen 0.29/turn    (no ring)
MPRegen 0.13/turn

%: faith
@: slowed, very slow
A: breathe lightning, AC +6, unfitting armour, electricity resistance,
cold-blooded
a: Breathe Lightning


You were on level 5 of the Dungeon.
You visited 1 branch of the dungeon, and saw 4 of its levels.

You collected 163 gold pieces.

Inventory:

Hand Weapons
 a - a +0 hand axe
 n - a +2 whip of flaming (weapon)
 t - a +0 morningstar
 y - a +2 hand axe of holy wrath
Missiles
 k - 12 poisoned darts
 p - 5 atropa-tipped darts
Armour
 c - a +0 buckler (worn)
 g - a +0 pair of boots (worn)
Jewellery
 r - an amulet of faith (around neck)
 v - a ring of resist corrosion (left hand)
Scrolls
 d - 4 scrolls of identify
 e - a scroll of fog
 i - a scroll of enchant armour {unknown}
 l - a scroll of vulnerability {unknown}
 m - a scroll of enchant weapon {unknown}
 q - a scroll of immolation {unknown}
 s - a scroll of acquirement {unknown}
 u - a scroll of poison {unknown}
 w - a scroll of teleportation {unknown}
Potions
 b - a potion of magic
 h - a potion of degeneration
 j - a potion of lignification {unknown}


   Skills:
 + Level 2.9 Fighting
 + Level 2.2 Maces & Flails
 - Level 1.7 Dodging
 - Level 1.7 Stealth
 + Level 1.0 Shields
 + Level 3.6 Spellcasting
 + Level 2.9 Transmutations
 * Level 5.0 Poison Magic


You had 3 spell levels left.
You knew the following spells:

 Your Spells              Type           Power      Damage    Failure   Level
a - Sting                 Tmut/Pois      56%        1d5       6%          1
b - Poisonous Vapours     Pois/Air       20%        N/A       17%         2
c - Mephitic Cloud        Conj/Pois/Air  7%         N/A       43%         3
d - Olgreb's Toxic Radia  Pois           17%        N/A       36%         4

Your spell library contained the following spells:

 Spells                   Type           Power      Damage    Failure   Level


Dungeon Overview and Level Annotations

Branches:
Dungeon (3/15)

Altars:
Qazlal

Annotations:
D:3 1 runed translucent door, Crazy Yiuf


Innate Abilities, Weirdness & Mutations

You can breathe wild blasts of lightning.
Your glossy black scales are hard. (AC +6)
You cannot fit into any form of body armour.
You are resistant to electric shocks. (rElec)
You are cold-blooded and may be slowed by cold attacks.


Message History

The phantom hits you.
* * * LOW HITPOINT WARNING * * *
The ice beast hits you but does no damage.
You miss the phantom.
The phantom is almost destroyed.
The phantom hits you but does no damage.
You block the ice beast's attack.
It was a potion of degeneration.
There was something very wrong with that liquid.
You feel weakened.
You feel dopey.
You feel clumsy. The phantom closely misses you.
The ice beast barely misses you.
You hit the phantom. You burn the phantom.
You destroy the phantom!
The ice beast barely misses you.
The ufetubus hits you but does no damage.
The ufetubus closely misses you.
Your Shields skill increases to level 1!
Your Poison Magic skill increases to level 5!
You have reached level 7!
Your scales start taking on a glossy black colour.
You learn Air Magic much quicker.
You learn Earth Magic much slower.
You can breathe wild blasts of lightning.
You feel insulated.
You hit the ufetubus. You burn the ufetubus.
The ufetubus is almost dead.
The ufetubus closely misses you. x2; The ice beast barely misses you.
You hit the ufetubus. You burn the ufetubus.
You kill the ufetubus!
The ice beast barely misses you.
You feel your dexterity returning.
Casting: Poisonous Vapours (safe; 17% risk of failure)
Confirm with . or Enter, or press ? or * to list all spells.
Okay, then.
The ice beast attacks as it pursues you!
The ice beast barely misses you.
The ice beast attacks as it pursues you!
The ice beast hits you.
* * * LOW HITPOINT WARNING * * *
The ice beast freezes you!
You feel yourself slow down.
You die...

### ..# ######### ###.#
#.......# ###### .^..#
#Y#####.###.....#.
....#########
#@#####.....PPP...
.......§.§§§#
#.##.......PPP....
....#######.#
#.##.##........PP. ....#
##.## #.##.##......8.P..
....# #...#
#....§..#......PP. #####
###...######.####:....PP..
#.......$.......##..PP....
#..).....###.##.###....S#.
# #........# #.##.#
####.##+


You could see an ice beast.

Vanquished Creatures
  Grinder (D:3)
  A phantom (D:5)
  A jelly (D:5)
  3 iguanas (D:5)
  5 adders
  2 ufetubi (D:5)
  A worm (D:3)
  3 dart slugs
  8 orcs
  6 ball pythons
  6 endoplasms
  A giant cockroach (D:1)
  7 goblins
  3 hobgoblins (D:1)
  9 kobolds
  2 quokkas
  10 bats
  7 frilled lizards
  5 rats
81 creatures vanquished.

Notes
Turn   | Place    | Note
-------+----------+-------------------------------------------
     0 | D:1      | Kunndt the Draconian Venom Mage began the quest for the
                  | Orb.
     0 | D:1      | Reached XP level 1. HP: 14/14 MP: 3/3
   194 | D:1      | Reached XP level 2. HP: 22/22 MP: 3/5
   616 | D:1      | Reached skill level 1 in Fighting
   875 | D:1      | Reached XP level 3. HP: 28/28 MP: 4/6
   968 | D:1      | Learned a level 2 spell: Poisonous Vapours
  1176 | D:2      | Learned a level 3 spell: Mephitic Cloud
  1534 | D:2      | Reached XP level 4. HP: 35/35 MP: 3/7
  1861 | D:3      | Reached skill level 4 in Poison Magic
  2133 | D:3      | Found a runed translucent door.
  2134 | D:3      | Noticed Crazy Yiuf
  2337 | D:3      | Noticed Grinder
  2375 | D:3      | Killed Grinder
  2376 | D:3      | Reached skill level 1 in Maces & Flails
  2376 | D:3      | Reached XP level 5. HP: 29/42 MP: 1/10
  2376 | D:3      | Reached XP level 6. HP: 35/50 MP: 1/11
  2528 | D:3      | Learned a level 4 spell: Olgreb's Toxic Radiance
  2646 | D:3      | You fall into a shaft and drop 2 floors!
  2646 | D:5      | Identified the "Katoili"
  2646 | D:5      | Entered Level 5 of the Dungeon
  2903 | D:5      | Found a stormy altar of Qazlal.
  2903 | D:5      | Noticed a sky beast
  3058 | D:5      | Noticed an ice beast
  3153 | D:5      | HP: 2/50 [phantom (6)]
  3157 | D:5      | Reached skill level 1 in Shields
  3157 | D:5      | Reached skill level 5 in Poison Magic
  3157 | D:5      | Your scales start taking on a glossy black colour.
  3157 | D:5      | Reached XP level 7. HP: 3/56 MP: 12/12
  3157 | D:5      | Gained mutation: You are resistant to electric shocks.
                  | (rElec) [Black Draconian growth]
  3168 | D:5      | Mangled by an ice beast

Illustrated notes

Levels and vault maps discovered:
D:1:      tarquinn_simple_flora_water_c, layout_basic
D:2:      layout_rooms
D:3:      minmay_general_purpose_star, layout_basic,
          chequers_serial_rivers_micro_c, minmay_cut_off, uniq_grinder,
          uniq_crazy_yiuf_cottage
D:5:      layout_loops_corners, nicolae_qazlal_beasts_of_the_sky, serial_shops,
          kennysheep_mini_moat, nicolae_stop_n_shop_1, moated_statue,
          dreamdust_mushroom_princess

Skill      XL: |  1  2  3  4  5  6 |
---------------+-------------------+-----
Fighting       | 1 2 |  2.9
Poison Magic   | 4 5 |  5.0
Maces & Flails | 1 2 |  2.2
Spellcasting   | 3 |  3.6
Transmutations | 2 |  2.9
Shields        | 1 |  1.0
Dodging        | |  1.7
Stealth        | |  1.7

Action                     |  1- 3 |  4- 6 |  7- 9 || total
---------------------------+-------+-------+-------++-------
  Melee: Hand axe          |    25 |       |       ||    25
         Tailslap          |     2 |    12 |       ||    14
         Unarmed           |     1 |       |       ||     1
         Whip              |     9 |   100 |     2 ||   111
         Punch             |       |     1 |       ||     1
   Cast: Sting             |    45 |    54 |       ||    99
    Use: Scroll            |       |     4 |       ||     4
         Potion            |       |     3 |       ||     3
 Armour: Skin              |    28 |    95 |     1 ||   124
  Dodge: Dodged            |    41 |    85 |     5 ||   131
  Block: Buckler           |       |    15 |       ||    15

Table legend: (Time is in decaauts)
 A = Elapsed time spent in this place.
 B = Non-inter-level travel time spent in this place.
 C = Inter-level travel time spent in this place.
 D = Time resting spent in this place.
 E = Time spent auto-exploring this place.
 F = Levels seen in this place.
 G = Mean time per level.
                   A        B        C        D        E       F      G
               +--------+--------+--------+--------+--------+-----+--------+
         Total |   3183 |   3142 |     41 |    376 |   1918 |   4 |  795.8 |
       Dungeon |   3183 |   3142 |     41 |    376 |   1918 |   4 |  795.8 |
               +--------+--------+--------+--------+--------+-----+--------+

Top non-repeatable levels by time:
     D:1: 1164 daAuts
     D:3: 882 daAuts
     D:2: 611 daAuts
     D:5: 525 daAuts
